 Dungeon Sprint DCSS version 0.28-a0-407-g69098e2f6d (webtiles) character file.

Game seed: 2023351658453035329

111 dolemite99 the Shield-Bearer (level 4, 0/43 HPs)
             Began as a Gnoll Fighter on Sept 6, 2021.
             Slain by a fire elemental (8 damage)
             ... summoned by a deep elf pyromancer
             ... in the Dungeon (Sprint III: "The Ten Rune Challenge").
             The game lasted 00:01:26 (236 turns).

dolemite99 the Shield-Bearer (Gnoll Fighter)         Turns: 236, Time: 00:01:26

Health: 0/43       AC:  9    Str: 16    XL:     4   Next: 92%
Magic:  8/8        EV: 10    Int:  8    God:
Gold:   12         SH:  5    Dex: 11    Spells: 9/9 levels left

rFire   . . .      SeeInvis .   a - +1 rapier
rCold   . . .      Faith    .   c - +0 buckler
rNeg    . . .      Spirit   .   b - +0 scale mail
rPois   .          Reflect  .   (no helmet)
rElec   .          Harm     .   d - +0 cloak
rCorr   .          Rampage  .   (no gloves)
Will    .....      NoTele   +   (no boots)
Stlth   +.........              (no amulet)
HPRegen 0.14/turn               (no ring)
MPRegen 0.11/turn               (no ring)

@: no status effects
A: fangs 1, strong nose, distributed training
a: no special abilities


You were in the Dungeon.
You visited 1 branch You collected 12 gold pieces.

Inventory:

Hand Weapons
 a - a +1 rapier (weapon)
Armour
 b - a +0 scale mail (worn)
 c - a +0 buckler (worn)
 d - a +0 cloak (worn)
Scrolls
 i - a scroll of torment
 j - a scroll of blinking
 l - a scroll of enchant weapon
 n - a scroll of immolation
Potions
 g - a potion of haste
 h - 2 potions of magic
 m - 2 potions of flight
 o - 5 potions of mutation


   Skills:
 + Level 7.3 Fighting
 + Level 5.5 Short Blades
 + Level 3.0 Long Blades
 + Level 3.0 Axes
 + Level 3.0 Maces & Flails
 + Level 3.0 Polearms
 + Level 3.0 Staves
 + Level 3.0 Slings
 + Level 3.0 Bows
 + Level 3.0 Crossbows
 + Level 3.0 Throwing
 + Level 7.3 Armour
 + Level 3.0 Dodging
 + Level 3.0 Stealth
 + Level 7.3 Shields
 + Level 3.0 Unarmed Combat
 + Level 3.0 Spellcasting
 + Level 2.4 Conjurations
 + Level 2.4 Hexes
 + Level 2.4 Summonings
 + Level 2.4 Necromancy
 + Level 2.4 Translocations
 + Level 2.4 Transmutations
 + Level 2.4 Fire Magic
 + Level 2.4 Ice Magic
 + Level 2.4 Air Magic
 + Level 2.4 Earth Magic
 + Level 2.4 Poison Magic
 + Level 3.3 Invocations
 + Level 3.0 Evocations


You had 9 spell levels left.
You didn't know any spells.
Your spell library was empty.

Dungeon Overview and Level Annotations

Branches:
Dungeon (1/1)

Altars:
Elyvilon
Zin
The Shining One


Innate Abilities, Weirdness & Mutations

You have very sharp teeth.
Your uncanny sense of smell can sniff out nearby items.
Your experience applies equally to all skills.


Message History

Found three altars.
A deep elf pyromancer comes into view.
It is wielding a +2 long sword of holy wrath.
Found 2 potions of curing.
There is an open door here.
You puncture the deep elf pyromancer!
The deep elf pyromancer is moderately wounded.
The deep elf pyromancer hits you with a +2 long sword of holy wrath!
You hit the deep elf pyromancer.
The deep elf pyromancer is moderately wounded.
The deep elf pyromancer mumbles some strange words.
You hit the deep elf pyromancer.
The deep elf pyromancer is moderately wounded.
The deep elf pyromancer hits you with a +2 long sword of holy wrath.
The fire elemental closely misses you.
You feel much better. The fire elemental hits you.
The fire elemental burns you!
The deep elf pyromancer hits you with a +2 long sword of holy wrath.
You barely miss the deep elf pyromancer.
The deep elf pyromancer is moderately wounded.
The fire elemental closely misses you.
The deep elf pyromancer casts a spell.
The deep elf pyromancer blinks!
The fire elemental closely misses you.
The deep elf pyromancer mumbles some strange words.
The deep elf pyromancer blinks!
The fire elemental hits you. The fire elemental burns you!
Okay, then.
Unknown command.
Okay, then.
Okay, then.
You feel better. You block the fire elemental's attack.
The fire elemental hits you. The fire elemental burns you!
The fire elemental hits you. The fire elemental burns you!
* * * LOW HITPOINT WARNING * * *
Okay, then.
You hit the fire elemental.
You bite the fire elemental, but do no damage.
The fire elemental is lightly damaged.
The fire elemental hits you. The fire elemental burns you!
You die...

▓▓▓▓▓ ▓▓▓ #...####
##.#####
#......#####..#_°_# ∆
#.......#..#..#°@E# ∆ ∆
##.##...#..#..###E#+###+#
##.###..##'#..#..........
###.##..###...'.⌠........
#..##.†####...#...######+
†..##..###....#.⌠§#
..##...##.....#...#∆
.##....#......#+###
###..##)#.....# ∆∆


You could see 2 fire elementals.

Vanquished Creatures
  A water elemental (D)
  Crazy Yiuf (D)
  A human (D)
  An endoplasm (D)
  3 rats (D)
7 creatures vanquished.

Vanquished Creatures (others)
  A plant (D)
1 creature vanquished.

Grand Total: 8 creatures vanquished

Notes
Turn   | Place    | Note
-------+----------+-------------------------------------------
     0 | D        | dolemite99 the Gnoll Fighter began the quest for the Orb.
     0 | D        | Reached XP level 1. HP: 23/23 MP: 1/1
    53 | D        | Noticed Crazy Yiuf
    61 | D        | Killed Crazy Yiuf
    62 | D        | Reached skill level 1 in Long Blades
    62 | D        | Reached skill level 1 in Axes
    62 | D        | Reached skill level 1 in Maces & Flails
    62 | D        | Reached skill level 1 in Polearms
    62 | D        | Reached skill level 1 in Staves
    62 | D        | Reached skill level 1 in Slings
    62 | D        | Reached skill level 1 in Bows
    62 | D        | Reached skill level 1 in Crossbows
    62 | D        | Reached skill level 1 in Throwing
    62 | D        | Reached skill level 1 in Dodging
    62 | D        | Reached skill level 1 in Stealth
    62 | D        | Reached skill level 1 in Unarmed Combat
    62 | D        | Reached skill level 1 in Spellcasting
    62 | D        | Reached skill level 1 in Conjurations
    62 | D        | Reached skill level 1 in Hexes
    62 | D        | Reached skill level 1 in Summonings
    62 | D        | Reached skill level 1 in Necromancy
    62 | D        | Reached skill level 1 in Translocations
    62 | D        | Reached skill level 1 in Transmutations
    62 | D        | Reached skill level 1 in Fire Magic
    62 | D        | Reached skill level 1 in Ice Magic
    62 | D        | Reached skill level 1 in Air Magic
    62 | D        | Reached skill level 1 in Earth Magic
    62 | D        | Reached skill level 1 in Poison Magic
    62 | D        | Reached skill level 1 in Evocations
    62 | D        | Reached XP level 2. HP: 28/29 MP: 2/4
    62 | D        | Reached XP level 3. HP: 33/35 MP: 2/5
    71 | D        | Reached skill level 5 in Short Blades
   115 | D        | Noticed a water elemental
   120 | D        | Killed a water elemental
   121 | D        | Reached XP level 4. HP: 43/43 MP: 6/8
   227 | D        | Found a glowing silver altar of Zin.
   227 | D        | Found a glowing golden altar of the Shining One.
   227 | D        | Found a white marble altar of Elyvilon.
   228 | D        | Noticed a deep elf pyromancer
   231 | D        | Noticed a fire elemental
   231 | D        | Noticed a fire elemental
   236 | D        | Slain by a fire elemental

Illustrated notes

Levels and vault maps discovered:
D:        dungeon_sprint_mu [sprint_mu_entry_cave, sprint_mu_temple_rooms,
          sprint_mu_d1_horrors, sprint_mu_d2_genie, sprint_mu_d3_branching,
          sprint_mu_orc_legion, sprint_mu_elf_gauntlet, sprint_mu_hive_nellie,
          sprint_mu_lair_fedhas, sprint_mu_vaults_butterflies,
          sprint_mu_slime_circle, sprint_mu_swamp_cave, sprint_mu_shoals_archi,
          sprint_mu_blade_basic, sprint_mu_crypt_fortress,
          sprint_mu_tomb_spiral, sprint_mu_vestibule_basic,
          sprint_mu_gehenna_hellfire, sprint_mu_dis_giant,
          sprint_mu_tartarus_statrot, sprint_mu_cocytus_islands, sprint_mu_zot1]

Skill      XL: |  1  2  3 |
---------------+----------+-----
Long Blades    | 1 3 |  3.0
Axes           | 1 3 |  3.0
Maces & Flails | 1 3 |  3.0
Polearms       | 1 3 |  3.0
Staves         | 1 3 |  3.0
Slings         | 1 3 |  3.0
Bows           | 1 3 |  3.0
Crossbows      | 1 3 |  3.0
Throwing       | 1 3 |  3.0
Dodging        | 1 3 |  3.0
Stealth        | 1 3 |  3.0
Unarmed Combat | 1 3 |  3.0
Spellcasting   | 1 3 |  3.0
Conjurations   | 1 2 |  2.4
Hexes          | 1 2 |  2.4
Summonings     | 1 2 |  2.4
Necromancy     | 1 2 |  2.4
Translocations | 1 2 |  2.4
Transmutations | 1 2 |  2.4
Fire Magic     | 1 2 |  2.4
Ice Magic      | 1 2 |  2.4
Air Magic      | 1 2 |  2.4
Earth Magic    | 1 2 |  2.4
Poison Magic   | 1 2 |  2.4
Invocations    | 2 3 |  3.3
Evocations     | 1 3 |  3.0
Short Blades   | 5 |  5.5
Fighting       | 7 |  7.3
Armour         | 7 |  7.3
Shields        | 7 |  7.3

Action                   |  1- 3 |  4- 6 || total
-------------------------+-------+-------++-------
Melee: Rapier            |    21 |     5 ||    26
       Bite              |     3 |     1 ||     4
  Use: Potion            |     2 |     2 ||     4
       Scroll            |       |     4 ||     4
Armor: Scale mail        |     1 |     4 ||     5
Dodge: Dodged            |     5 |     3 ||     8
Block: Buckler           |     6 |     1 ||     7

Table legend: (Time is in decaauts)
 A = Elapsed time spent in this place.
 B = Non-inter-level travel time spent in this place.
 C = Inter-level travel time spent in this place.
 D = Time resting spent in this place.
 E = Time spent auto-exploring this place.
 F = Levels seen in this place.
 G = Mean time per level.
                   A        B        C        D        E       F      G
               +--------+--------+--------+--------+--------+-----+--------+
         Total |    246 |    246 |      0 |     72 |     53 |   1 |  246.0 |
       Dungeon |    246 |    246 |      0 |     72 |     53 |   1 |  246.0 |
               +--------+--------+--------+--------+--------+-----+--------+

Top non-repeatable levels by time:
       D: 246 daAuts
